 Dungeon Crawl Stone Soup version 0.19-a0-14-gde87d98 (webtiles) character file.

1969 MuMo the Covered (level 9, -3/69 HPs)
             Began as a Mummy Monk on Apr 29, 2016.
             Slain by a wyvern (14 damage)
             ... on level 1 of the Dungeon.
             The game lasted 00:15:27 (16220 turns).

MuMo the Covered (Mummy Monk)                      Turns: 16220, Time: 00:15:28

Health: -3/69      AC:  8    Str: 17    XL:     9   Next: 0%
Magic:  9/9        EV: 12    Int:  9    God:    Xom [*.....]
Gold:   253        SH:  0    Dex: 13    Spells: 0 memorised, 8 levels left

rFire  . . .     SeeInvis .     h - +4 short sword
rCold  + . .     Gourm    .     s - +1 scale mail of the Armadillo {rC+}
rNeg   + + +     Faith    .     (no shield)
rPois  ∞         Spirit   .     (no helmet)
rElec  .         Dismiss  .     (no cloak)
rCorr  .         Reflect  .     (no gloves)
SustAt .         Harm     .     (no boots)
MR     ++++.                    c - amulet of magic regeneration
Stlth  +.........               o - ring "Hoam" {Wiz rPois MR+++ Dex-2}
                                k - ring of fire

@: about to teleport, incredibly resistant to hostile enchantments, very
unstealthy
A: no food or potions, fire vulnerability, cold resistance 1, negative energy
resistance 3, torment resistance, unbreathing
a: Renounce Religion


You were on level 1 of the Dungeon.
You worshipped Xom.
You were a special plaything of Xom.
You were not hungry.

You visited 1 branch of the dungeon, and saw 6 of its levels.

You collected 253 gold pieces.

Inventory:

Hand Weapons
 h - a +4 short sword (weapon)
Missiles
 l - 5 poisoned javelins (quivered)
Armour
 d - a +1 chain mail
 m - a cursed +0 robe
 q - a +2 scale mail of cold resistance
 s - the +1 scale mail of the Armadillo (worn) {rC+}
   (Xom gifted it to you on level 1 of the Dungeon)

   It protects you from cold.
Jewellery
 c - an amulet of magic regeneration (around neck)
 e - an uncursed ring of flight
 k - a ring of fire (left hand)
 o - the ring "Hoam" (right hand) {Wiz rPois MR+++ Dex-2}
   (Xom gifted it to you on level 4 of the Dungeon)

   [ring of wizardry]

   It improves your spell success rate.
   It affects your dexterity (-2).
   It protects you from poison.
   It affects your resistance to hostile enchantments.
Wands
 f - a wand of paralysis (7/24)
Scrolls
 a - a scroll of enchant armour
 i - 2 scrolls of recharging
 j - a scroll of blinking
 u - a scroll of teleportation


   Skills:
 + Level 5.8 Fighting
 + Level 3.7 Short Blades
 + Level 0.4 Throwing
 + Level 6.0 Armour
 + Level 4.9 Dodging
 + Level 2.9 Stealth
 - Level 3.2 Unarmed Combat


You had 8 spell levels left.
You didn't know any spells.

Dungeon Overview and Level Annotations

Branches:
Dungeon (6/15)
 Temple: D:4-7

Altars:
Cheibriados
Dithmenos
Kikubaaqudgha
Ru
Xom
Yredelemnul


Innate Abilities, Weirdness & Mutations

You do not eat or drink.
Your flesh is vulnerable to fire.
You are immune to poison.
Your flesh is cold resistant.
You are immune to negative energy.
You are immune to unholy pain and torment.
You can survive without breathing.


Message History

A bat comes into view.
You hit the wyvern but do no damage.
The wyvern is moderately wounded.
The wyvern bites you!
You puncture the wyvern!
The wyvern is heavily wounded.
The wyvern misses you. The bat hits you but does no damage.
The wyvern bites you.
* * * LOW HITPOINT WARNING * * *
You are too injured to fight recklessly!
You are too injured to fight recklessly!
Read which item? (? for menu, Esc to quit)
As you read the scroll of teleportation, it crumbles to dust.
You feel strangely unstable. The bat hits you but does no damage.
The wyvern bites you.
* * * LOW HITPOINT WARNING * * *
The bat hits you but does no damage.
The wyvern hisses menacingly.
The wyvern bites you!
You die...

#.>.(.).((.....'.###.......
######.#.......#.###.......
#####.#.....###...........
#..(.....##....####.......
###.....#.........#####...
#..........#.#....##...#
###.###.#.#.##.#....##....
##[.)....#.#.##.#....##...#
#......#.#@#.##...........!
#......#.#l#......#####....
##......#..b'......##.....#'
#....######.#....####.##....
#.....................#.....
#.....#...............#.....
##'##.#.#....####...........
#.##.#.#....'.........#....
#.##.#.#....#####.......#..


You could see a wyvern and a bat.

Vanquished Creatures
  Pikel (D:4)
  2 sky beasts
  3 slaves (D:4)
  A centaur (D:5)
  4 ogres
  A scorpion (D:4)
  A crimson imp (D:6)
  2 jellies (D:5)
  A human zombie (D:5)
  2 orc priests (D:3)
  A giant frog skeleton (D:4)
  4 orc wizards
  An iguana (D:5)
  8 worker ants
  3 gnolls
  6 adders
  An ooze (D:5)
  A worm zombie (D:5)
  3 adder skeletons
  3 worms
  4 dart slugs
  6 giant geckos
  15 orcs
  11 bats
  7 giant cockroaches
  15 goblins
  14 hobgoblins
  9 jackals
  2 quokkas
  2 ball pythons
  2 giant gecko skeletons
  9 giant newts
  A jackal zombie (D:5)
  19 kobolds
  10 rats
175 creatures vanquished.

Vanquished Creatures (collateral kills)
  2 crimson imps (D:6)
2 creatures vanquished.

Vanquished Creatures (others)
  A slave (D:4)
  A human (D:4)
  A gnoll (D:5)
3 creatures vanquished.

Grand Total: 180 creatures vanquished

Notes
Turn   | Place    | Note
--------------------------------------------------------------
     0 | D:1      | MuMo the Mummy Monk began the quest for the Orb.
     0 | D:1      | Reached XP level 1. HP: 18/18 MP: 1/1
   219 | D:1      | Reached XP level 2. HP: 24/24 MP: 2/2
   509 | D:1      | HP: 1/24 [gnoll/flail (5)]
   512 | D:1      | Reached XP level 3. HP: 1/29 MP: 3/3
  1239 | D:2      | Reached skill level 1 in Armour
  1246 | D:2      | Reached XP level 4. HP: 25/37 MP: 4/4
  1454 | D:2      | Found a shimmering altar of Xom.
  1827 | D:2      | Found a faded altar to an unknown god.
  2347 | D:3      | Reached XP level 5. HP: 36/42 MP: 5/5
  2400 | D:3      | Reached skill level 1 in Short Blades
  2400 | D:3      | Reached skill level 2 in Armour
  2787 | D:3      | Found a snail-covered altar of Cheibriados.
  3257 | D:4      | Reached XP level 6. HP: 41/48 MP: 6/6
  3323 | D:2      | Became a worshipper of Xom of Chaos
  3537 | D:1      | XOM: harmless Air miscast
  3925 | D:1      | XOM: divination: detect items
  4578 | D:1      | XOM: divination: detect items
  4770 | D:1      | XOM: enchant monster (bad)
  5136 | D:1      | XOM is BORED!
  5136 | D:1      | XOM: medium Tloc miscast
  6101 | D:1      | XOM: mild Chrm miscast
  6260 | D:1      | XOM: summons 3 hostile demons
  6261 | D:1      | Noticed a ynoxinul
  6261 | D:1      | Noticed a red devil
  6387 | D:2      | XOM: summons 3 hostile demons
  6388 | D:2      | Noticed a red devil
  6911 | D:1      | XOM is BORED!
  6911 | D:1      | XOM: mild Pois miscast
  7542 | D:1      | XOM: mild Fire miscast
  8090 | D:1      | XOM: noise
  8334 | D:1      | XOM: colour smoke trail
  8488 | D:1      | XOM: harmless Ice miscast
  8912 | D:1      | XOM: medium Pois miscast
  9585 | D:1      | XOM: mild Necr miscast
  9906 | D:1      | XOM: scenery: create altars
 10299 | D:1      | XOM: summons 5 hostile shadow creatures
 10300 | D:1      | Noticed a green ugly thing
 10919 | D:1      | XOM: silly message
 10961 | D:1      | XOM: mild Summ miscast
 11554 | D:1      | Reached skill level 3 in Armour
 11676 | D:1      | XOM: 2-stop teleportation journey
 11705 | D:1      | XOM: god gift: crude scale mail {god gift}
 11706 | D:1      | Got a crude scale mail {god gift}
 11707 | D:1      | Noticed a basilisk
 11707 | D:1      | Noticed a fire bat
 11707 | D:1      | a basilisk changed into a fire bat
 11707 | D:1      | XOM: polymorph basilisk -> fire bat
 11709 | D:1      | XOM: god gift: meat ration
 11711 | D:1      | XOM: scenery: 2 doors close
 12105 | D:1      | XOM: scenery: create altars
 12340 | D:1      | XOM: scenery: create altars
 12513 | D:1      | XOM: god gift: 5 poisoned javelins
 12530 | D:2      | XOM: cast spell 'Summon Butterflies'
 12612 | D:4      | Got a spiked leather armour
 12647 | D:4      | XOM: scenery: 1 doors open
 12728 | D:4      | XOM: mild Conj miscast
 12835 | D:4      | XOM: god gift: heavily runed iron ring {god gift}
 12836 | D:4      | Got a heavily runed iron ring {god gift}
 12964 | D:4      | Identified the ring "Hoam" {Wiz rPois MR+++ Dex-2} (Xom gifted it to you on level 4 of the Dungeon)
 13088 | D:4      | Noticed a slave
 13090 | D:4      | Noticed a slave
 13094 | D:4      | Noticed a slave
 13103 | D:4      | XOM: cast spell 'Ring of Flames'
 13104 | D:4      | Killed a slave
 13108 | D:4      | Killed a slave
 13111 | D:4      | Killed a slave
 13112 | D:4      | Noticed Pikel
 13114 | D:4      | Noticed a slave
 13118 | D:4      | Killed Pikel
 13118 | D:4      | Reached skill level 4 in Armour
 13118 | D:4      | Reached XP level 7. HP: 44/55 MP: 7/7
 13174 | D:4      | XOM: cast spell 'Disjunction'
 13175 | D:4      | Found a basalt altar of Yredelemnul.
 13241 | D:4      | XOM: butterfly on damage
 13251 | D:4      | Reached XP level 8. HP: 20/61 MP: 8/8
 13701 | D:4      | Found an ancient bone altar of Kikubaaqudgha.
 13890 | D:5      | Entered Level 5 of the Dungeon
 13906 | D:5      | Reached skill level 5 in Fighting
 13967 | D:5      | Reached skill level 5 in Armour
 14034 | D:5      | Identified the +0 leather armour of Generosity {rN+ Stlth+} (You found it on level 4 of the Dungeon)
 14044 | D:5      | Identified the +1 scale mail of the Armadillo {rC+} (Xom gifted it to you on level 1 of the Dungeon)
 14060 | D:5      | XOM: summons friendly shadow imp
 14064 | D:5      | XOM: confuse monster(s)
 14089 | D:5      | HP: 3/62 [gnoll/long sword (7)]
 14298 | D:4      | XOM: vitrification
 14386 | D:5      | XOM: polymorph gnoll sergeant -> jelly
 14425 | D:5      | XOM: confuse monster(s)
 14781 | D:5      | Found a sacrificial altar of Ru.
 14781 | D:5      | Found a shadowy altar of Dithmenos.
 14781 | D:5      | XOM: 3-stop teleportation journey
 15108 | D:5      | XOM: scenery: create altars
 15830 | D:6      | XOM: summons friendly white imp
 15931 | D:6      | XOM: medium Chrm miscast
 16026 | D:4      | Reached skill level 6 in Armour
 16026 | D:4      | Reached XP level 9. HP: 41/69 MP: 9/9
 16220 | D:1      | Slain by a wyvern

Vault maps used:
D:1:      minmay_arrival_widening_spiral_wide
D:2:      lemuel_round_altar, ecumenical_altar_2, first_bread
D:3:      marbit_many_paths, minmay_goblin_kobold_house
D:4:      minmay_opposing_rooms, nicolae_overflow_crystal_walls,
          tgw_kikubaaqudgha, uniq_pikel
D:5:      lemuel_blue_sif_altar, grunt_dithmenos_smoke_and_mirrors,
          enter_ossuary_3, basic_altar, kennysheep_generic_room_9
D:6:      trog_eyes_of_draining, kennysheep_mini_moat, serial_park_tiny_pond

Skill      XL: |  1  2  3  4  5  6  7  8 |
---------------+-------------------------+-----
Stealth        | 2 |  2.9
Armour         | 1 2 4 6 |  6.0
Dodging        | 3 4 |  4.9
Fighting       | 4 5 |  5.8
Short Blades   | 1 2 3 |  3.7
Throwing       | |  0.4
Unarmed Combat | |  3.2

Action                   |  1- 3 |  4- 6 |  7- 9 || total
-------------------------+-------+-------+-------++-------
Melee: Unarmed           |    83 |       |       ||    83
       Flail             |    41 |       |       ||    41
       Short sword       |    19 |   312 |   306 ||   637
       Punch             |     1 |     3 |       ||     4
Throw: Javelin           |       |     3 |       ||     3
  Use: Scroll            |       |     7 |     8 ||    15
Armor: Ring mail         |    24 |       |       ||    24
       Chain mail        |   116 |   191 |    52 ||   359
       Scale mail        |       |       |    67 ||    67
Dodge: Dodged            |   109 |   112 |   135 ||   356
